 Dungeon Sprint DCSS version 0.31-a0-1-g4198be8af4 (webtiles) character file.

Game seed: 18176358632798307362

65877 fozzywoppz the Ninja (level 13, -6/80 HPs)
             Began as a Spriggan Enchanter on May 1, 2023.
             Was the Champion of Sif Muna.
             Succumbed to poison (dark miasma)
             ... in the Dungeon (Sprint III: "The Ten Rune Challenge").
             The game lasted 00:41:07 (4163 turns).

fozzywoppz the Ninja (Spriggan Enchanter)           Turns: 4163, Time: 00:41:10

Health: -6/80      AC:  8    Str:  6    XL:     13   Next: 60%
Magic:  13/28      EV: 42    Int: 18    God:    Sif Muna [******]
Gold:   51         SH:  0    Dex: 23    Spells: 9/32 levels left

rFire   + + .        q - +1 dagger (speed)
rCold   + + .        (no shield)
rNeg    . . .        e - +2 robe of Qumus {Rampage rF+ rC+}
rPois   .            t - +2 hat {Will+}
rElec   .            j - +0 cloak
rCorr   .            (gloves unavailable)
SInv    +            (boots unavailable)
Will    +++..        d - amulet "Joorraog" {RegenMP rF+ rC+}
Stlth   ++++++++++   w - +6 ring of dexterity
HPRegen 0.33/turn    (no ring)
MPRegen 0.61/turn

%: no teleportation, rampage
@: lethally poisoned (-6 -> -57), confusing by touch, slowed, quick
A: very small, no large weapons, unfitting armour, see invisible, speed 3,
shaggy fur 1
}: 2/10 runes: serpentine, barnacled
a: Renounce Religion, Channel Magic, Forget Spell, Divine Exegesis


You were in the Dungeon.
You worshipped Sif Muna.
Sif Muna was exalted by your worship.
You visited 1 branch You collected 1915 gold pieces.
You spent 1864 gold pieces at shops.

Inventory:

Hand Weapons
 a - a +1 dagger
 o - a +5 rapier of protection
 q - a +1 dagger of speed (weapon)
Missiles
 i - 10 atropa-tipped darts
 k - 3 boomerangs (quivered)
 u - 7 curare-tipped darts
 y - 11 poisoned darts
Armour
 b - a +2 robe
 e - the +2 robe of Qumus (worn) {Rampage rF+ rC+}
   (You bought it in a shop in the Dungeon)

   rF:        It protects you from fire.
   rC:        It protects you from cold.
   Rampage:   It bestows one free step when moving towards enemies.
 j - a +0 cloak (worn)
 t - a +2 hat of willpower (worn)
 F - the +0 buckler of Hide-and-Seek {Contam rC++ rCorr}
   (You acquired it in the Dungeon)

   rC:        It greatly protects you from cold.
   Contam:    It causes magical contamination when unequipped.
   rCorr:     It protects you from acid and corrosion.
Jewellery
 d - the amulet "Joorraog" (around neck) {RegenMP rF+ rC+}
   (You bought it in a shop in the Dungeon)

   [amulet of magic regeneration]

   It increases your rate of magic regeneration.
   rF:        It protects you from fire.
   rC:        It protects you from cold.
 w - a +6 ring of dexterity (left hand)
Wands
 h - a wand of roots (3)
 p - a wand of mindburst (1)
Scrolls
 r - 2 scrolls of magic mapping
 v - 5 scrolls of immolation
 x - a scroll of enchant armour
 z - a scroll of enchant weapon
 A - 2 scrolls of fog {unknown}
 B - 11 scrolls of identify
 C - a scroll of summoning {unknown}
 D - a scroll of poison
 E - a scroll of torment
Potions
 c - 2 potions of invisibility
 f - a potion of haste
 g - 2 potions of magic
 m - 4 potions of mutation
 n - a potion of attraction {unknown}
 s - 2 potions of might
Miscellaneous
 l - a lightning rod (4/4)


   Skills:
 - Level 15.0 Fighting
 - Level 10.0 Short Blades
 + Level 23.8 Dodging
 O Level 27 Stealth
 - Level 10.0 Spellcasting
 - Level 4.0 Conjurations
 - Level 10.0 Hexes
 - Level 2.0 Fire Magic
 + Level 12.6 Invocations
 - Level 10.0 Evocations


You had 9 spell levels left.
You knew the following spells:

 Your Spells              Type           Power      Damage    Failure   Level
a - Ensorcelled Hibernat  Hex/Ice        54%        N/A       1%          2
b - Confusing Touch       Hex            45%        N/A       1%          3
c - Tukima's Dance        Hex            45%        N/A       1%          3
d - Dazzling Flash        Conj/Hex       68%        N/A       1%          3
e - Inner Flame           Hex/Fire       30%        N/A       1%          3
f - Freeze                Ice            36%        1d5       8%          1
g - Cause Fear            Hex            22%        N/A       1%          4
h - Anguish               Hex/Necr       13%        N/A       10%         4

Your spell library contained the following spells:

 Spells                   Type           Power      Damage    Failure   Level
 Slow                     Hex            100%       N/A       1%          1
 Foxfire                  Conj/Fire      76%        2x1d7     2%          1
 Searing Ray              Conj           46%        2d6       2%          2
 Kiss of Death            Conj/Necr      64%        2d10      3%          1
 Shock                    Conj/Air       64%        1d7       3%          1
 Portal Projectile        Hex/Tloc       54%        N/A       3%          3
 Fulminant Prism          Conj/Hex       17%        3d11      4%          4
 Momentum Strike          Conj/Tloc      32%        3d8       5%          2
 Scorch                   Fire           32%        2d6       5%          2
 Static Discharge         Conj/Air       32%        2-4/arc   5%          2
 Beastly Appendage        Tmut           18%        N/A       8%          1
 Necrotise                Necr           36%        1d5       8%          1
 Leda's Liquefaction      Hex/Erth       13%        N/A       10%         4
 Hailstorm                Conj/Ice       16%        3d6       11%         3
 Stone Arrow              Conj/Erth      32%        3d9       11%         3
 Cigotuvi's Dreadful Rot  Necr/Pois/Air  18%        N/A       12%         2
 Poisonous Vapours        Pois/Air       18%        N/A       12%         2
 Sublimation of Blood     Necr           9%         N/A       12%         2
 Wereblood                Tmut           9%         N/A       12%         2
 Mephitic Cloud           Conj/Pois/Air  13%        N/A       14%         3
 Volatile Blastmotes      Fire/Tloc      24%        2d12      16%         3
 Ignite Poison            Fire/Tmut/Pois 11%        N/A       19%         3
 Sticky Flame             Conj/Fire      19%        2d4       22%         4
 Ozocubu's Armour         Ice            9%         N/A       24%         3
 Spider Form              Tmut/Pois      9%         N/A       24%         3
 Swiftness                Air            9%         N/A       24%         3
 Teleport Other           Tloc           9%         N/A       24%         3
 Vhi's Electric Charge    Tloc/Air       18%        N/A       24%         3
 Metabolic Englaciation   Hex/Ice        13%        N/A       28%         5
 Silence                  Hex/Air        13%        N/A       28%         5
 Summon Mana Viper        Hex/Summ       27%        N/A       28%         5
 Yara's Violent Unravell  Hex/Tmut       13%        3d7       28%         5
 Iskenderun's Mystic Bla  Conj/Tloc      16%        2d5       34%         4
 Iskenderun's Battlesphe  Conj           23%        2d8       38%         5
 Animate Armour           Summ/Erth      18%        N/A       61%         4
 Animate Dead             Necr           9%         N/A       61%         4
 Dispel Undead            Necr           9%         3d8       61%         4
 Ice Form                 Ice/Tmut       9%         N/A       61%         4
 Olgreb's Toxic Radiance  Pois           9%         N/A       61%         4
 Passage of Golubria      Tloc           9%         N/A       61%         4
 Petrify                  Tmut/Erth      9%         N/A       61%         4
 Summon Lightning Spire   Summ/Air       9%         N/A       61%         4
 Arcjolt                  Conj/Air       8%         1d18      67%         5
 Irradiate                Conj/Tmut      8%         3d14      67%         5
 Freezing Cloud           Conj/Ice/Air   6%         6-21      78%         5
 Agony                    Necr           9%         N/A       91%         5
 Alistair's Intoxication  Tmut/Pois      6%         N/A       91%         5
 Summon Forest            Summ/Tloc      4%         N/A       91%         5
 Iron Shot                Conj/Erth      8%         9d3       99%         6
 Dispersal                Tloc           4%         N/A       100%        6
 Eringya's Noxious Bog    Tmut/Pois      4%         N/A       100%        6
 Simulacrum               Ice/Necr       4%         N/A       100%        6
 Haunt                    Necr/Summ      4%         N/A       100%        7
 Malign Gateway           Summ/Tloc      4%         N/A       100%        7
 Orb of Destruction       Conj           11%        9d6       100%        7
 Spellforged Servitor     Conj/Summ      8%         N/A       100%        7
 Borgnjor's Revivificati  Necr           4%         N/A       100%        8
 Discord                  Hex            22%        N/A       100%        8
 Disjunction              Tloc           4%         N/A       100%        8
 Ignition                 Fire           8%         3d5       100%        8
 Lehudib's Crystal Spear  Conj/Erth      8%         10d3      100%        8
 Fire Storm               Conj/Fire      9%         8d3       100%        9
 Shatter                  Erth           4%         3d8*      100%        9


Dungeon Overview and Level Annotations

Branches:
Dungeon (1/1)

Altars:
Cheibriados
Dithmenos
Elyvilon
Fedhas
Gozag
Hepliaklqana
Kikubaaqudgha
Makhleb
Nemelex Xobeh
Okawaru
Qazlal
Ru
Sif Muna
Trog
Uskayaw
Vehumet
Wu Jian
Xom
Yredelemnul
Zin
The Shining One
Jiyva
Lugonu

Shops:
D =?[?:[?


Innate Abilities, Weirdness & Mutations

You are very small and have problems with some larger weapons.
You are too small for most types of armour.
You have supernaturally acute eyesight. (SInv)
You cover ground extremely quickly. (Speed+++)
You are covered in fur. (AC +1)


Message History

The spriggan defender completely misses you.
You hit the spriggan defender but do no damage.
The spriggan defender is severely wounded.
You hit the spriggan defender but do no damage.
The spriggan defender is severely wounded.
The spriggan defender completely misses you.
You hit the spriggan defender but do no damage.
The spriggan defender is severely wounded.
Casting: Confusing Touch (safe; 1% risk of failure)
Confirm with . or Enter, or press ? or * to list all spells.
Okay, then.
Casting: Ignition
Press: ? - help, Dir - look around, f - activate The air bursts into flame!
The fireball engulfs the spriggan defender!
The spriggan defender is almost dead.
The fireball engulfs the titan zombie.
The titan zombie is lightly damaged.
The fireball engulfs the titan zombie.
The titan zombie is lightly damaged.
The fireball engulfs the spriggan defender!
You kill the spriggan defender!
Sif Muna accepts your kill.
You are engulfed in dark miasma.
You are lethally poisoned!
* * * LOW HITPOINT WARNING * * *
x2 You feel extremely sick.
Training target 15.0 for Fighting reached!
Your Fighting skill increases to level 15!
Really quaff the potion of mutation?
Okay, then.
You're standing in a cloud of foul pestilence!
Really quaff the potion of mutation?
You feel extremely strange.
Your large bone plates disappear.
Fur sprouts all over your body.
You are engulfed in dark miasma.
You are more poisoned.
You feel yourself slow down.
* * * LOW HITPOINT WARNING * * *
You die...

≈..#")#...#.≈§≈§#≈)≈#§§#
...#).#).)#.#§§§##§##§≈#
°####§#####.#§§≈≈###≈§§#
○○°☼.°#.....###≈≈≈≈§≈≈≈#
#######.....#§#.§§≈≈≈≈≈#
.)....#.....#§###§≈§≈≈≈#
♣♣♣._.#.....#§Z§#.§≈≈≈§#
#######'#####○☼§###≈≈###
≈≈≈≈≈▓#..§☼§§☼§○@§#.##
≈≈≈≈≈▓#.#############
≈≈≈..▓#.# )~..÷▓#.#
≈≈≈..▓#.# ≈≈≈).▓#.#
≈~≈~.▓#.# ~≈~≈≈▓#.#
≈≈≈≈≈▓#§#


You could see a titan zombie (confused).

Vanquished Creatures
  Rupert (D)
  Polyphemus (D)
  Gastronok (D)
  Harold (D)
  A nagaraja (D)
  4 azure jellies (D)
  Ilsuiw (D)
  Azrael (D)
  2 dire elephants (D)
  4 yaktaur captains (D)
  A merfolk javelineer (D)
  2 hydras (D)
  Erolcha (D)
  2 anacondas (D)
  4 death yaks (D)
  A naga warrior (D)
  Urug (D)
  A skeletal warrior (D)
  A sea snake (D)
  A spriggan druid (D)
  A lindwurm (D)
  Joseph (D)
  A deep elf pyromancer (D)
  2 orc sorcerers (D)
  2 elephants (D)
  3 black mambas (D)
  A guardian serpent (D)
  2 cane toads (D)
  A rime drake (D)
  A komodo dragon (D)
  3 wandering mushrooms (D)
  A spriggan defender (D)
  2 tyrant leeches (D)
  A queen bee (D)
  An orc high priest (D)
  8 blink frogs (D)
  3 dream sheep (D)
  A shadow (D)
  2 spriggans (D)
  5 redbacks (D)
  A spatial vortex (D)
  2 nagas (D)
  8 water moccasins (D)
  A floating eye (D)
  A fire dragon simulacrum (D)
  5 orc warriors (D)
  A swamp drake (D)
  2 black mamba simulacra (D)
  5 two-headed ogres (D)
  A necrophage (D)
  A water elemental (D)
  32 killer bees (D)
  An electric eel (D)
  A jelly (D)
  An orc priest (D)
  Crazy Yiuf (D)
  A wizard (D)
  Jessica (D)
  An orc wizard (D)
  A necromancer (D)
  A polar bear simulacrum (D)
  A kobold demonologist (D)
  3 humans (D)
  2 adders (D)
  9 orcs (D)
  An endoplasm (D)
  2 rats (D)
  A ball lightning (D)
162 creatures vanquished.

Vanquished Creatures (others)
  A death drake (D)
  An orc priest (D)
  A ballistomycete spore (D)
  49 plants (D)
52 creatures vanquished.

Grand Total: 214 creatures vanquished

Notes
Turn   | Place    | Note
-------+----------+-------------------------------------------
     0 | D        | fozzywoppz the Spriggan Enchanter began the quest for the
                  | Orb.
     0 | D        | Reached XP level 1. HP: 9/9 MP: 5/5
    24 | D        | Noticed Jessica
    39 | D        | Killed Jessica
    40 | D        | Reached skill level 6 in Stealth
    40 | D        | Reached XP level 2. HP: 13/13 MP: 6/8
    64 | D        | Reached XP level 3. HP: 16/16 MP: 9/9
    67 | D        | Learned a level 2 spell: Ensorcelled Hibernation
    85 | D        | Reached skill level 5 in Hexes
   110 | D        | Learned a level 3 spell: Confusing Touch
   114 | D        | Learned a level 3 spell: Tukima's Dance
   115 | D        | Noticed Crazy Yiuf
   118 | D        | Killed Crazy Yiuf
   119 | D        | Reached skill level 5 in Dodging
   119 | D        | Reached skill level 7 in Stealth
   119 | D        | Reached skill level 5 in Spellcasting
   119 | D        | Reached XP level 4. HP: 21/21 MP: 12/12
   143 | D        | Gained mutation: Your spells are a little easier to cast,
                  | but a little less powerful. [potion of mutation]
   144 | D        | Lost mutation: Your spells are a little easier to cast, but
                  | a little less powerful. [potion of mutation]
   144 | D        | Gained mutation: You have a pair of small horns on your
                  | head. [potion of mutation]
   146 | D        | Lost mutation: You have a pair of small horns on your head.
                  | [potion of mutation]
   146 | D        | Gained mutation: You are partially covered in large bone
                  | plates. (SH +4) [potion of mutation]
   152 | D        | Noticed a water elemental
   161 | D        | Killed a water elemental
   162 | D        | Reached skill level 5 in Short Blades
   162 | D        | Reached skill level 8 in Stealth
   165 | D        | Found a radiant altar of Vehumet.
   165 | D        | Noticed a wizard
   166 | D        | Found a shimmering blue altar of Sif Muna.
   166 | D        | Found an ancient bone altar of Kikubaaqudgha.
   171 | D        | Reached skill level 9 in Stealth
   171 | D        | Reached XP level 5. HP: 19/24 MP: 13/13
   186 | D        | Found a glowing silver altar of Zin.
   186 | D        | Found a glowing golden altar of the Shining One.
   186 | D        | Found a white marble altar of Elyvilon.
   187 | D        | Noticed a deep elf pyromancer
   189 | D        | Killed a deep elf pyromancer
   190 | D        | Reached skill level 13 in Stealth
   190 | D        | Reached XP level 6. HP: 26/28 MP: 14/14
   190 | D        | Reached XP level 7. HP: 30/32 MP: 15/15
   195 | D        | Found a hide-covered altar of Uskayaw.
   195 | D        | Found an iron altar of Okawaru.
   195 | D        | Found a bloodstained altar of Trog.
   195 | D        | Found an ornate altar of the Wu Jian Council.
   195 | D        | Noticed a human
   195 | D        | Noticed a human
   206 | D        | Killed a human
   207 | D        | Reached skill level 14 in Stealth
   214 | D        | Killed a human
   215 | D        | Reached skill level 10 in Short Blades
   313 | D        | Became a worshipper of Sif Muna the Loreminder
   318 | D        | Learned a level 3 spell: Dazzling Flash
   330 | D        | Found a basalt altar of Yredelemnul.
   330 | D        | Found a shadowy altar of Dithmenos.
   330 | D        | Found a sacrificial altar of Ru.
   333 | D        | Reached skill level 15 in Stealth
   334 | D        | Reached skill level 1 in Fighting
   334 | D        | Reached skill level 1 in Conjurations
   343 | D        | Noticed a shadow
   345 | D        | Killed a shadow
   345 | D        | Reached * piety under Sif Muna
   346 | D        | Reached XP level 8. HP: 39/39 MP: 16/16
   384 | D        | Found a blossoming altar of Fedhas.
   384 | D        | Found a stormy altar of Qazlal.
   384 | D        | Found a snail-covered altar of Cheibriados.
   384 | D        | Found a burning altar of Makhleb.
   384 | D        | Found a shimmering altar of Xom.
   385 | D        | Found a hazy altar of Hepliaklqana.
   385 | D        | Found an opulent altar of Gozag.
   385 | D        | Found a sparkling altar of Nemelex Xobeh.
   385 | D        | Found a corrupted altar of Lugonu.
   385 | D        | Found a viscous altar of Jiyva.
   416 | D        | Reached ** piety under Sif Muna
   417 | D        | Reached skill level 1 in Invocations
   434 | D        | Noticed a two-headed ogre
   437 | D        | Killed a two-headed ogre
   442 | D        | Noticed Erolcha
   443 | D        | Noticed a two-headed ogre
   446 | D        | Killed a two-headed ogre
   446 | D        | Reached *** piety under Sif Muna
   447 | D        | Reached skill level 16 in Stealth
   447 | D        | Reached XP level 9. HP: 46/46 MP: 14/17
   468 | D        | Killed Erolcha
   469 | D        | Reached skill level 15 in Dodging
   469 | D        | Reached skill level 17 in Stealth
   469 | D        | Reached skill level 5 in Invocations
   490 | D        | Found Tyloraju's Magic Scroll Boutique.
   492 | D        | Noticed an orc sorcerer
   492 | D        | Noticed an orc sorcerer
   519 | D        | Noticed a rust devil
   521 | D        | Killed an orc sorcerer
   521 | D        | Reached **** piety under Sif Muna
   521 | D        | Reached ***** piety under Sif Muna
   521 | D        | Received a gift from Sif Muna
   522 | D        | Reached skill level 18 in Stealth
   522 | D        | Got Sif Muna's Catalogue of Unlucky Fire {god gift}
   529 | D        | Learned a level 3 spell: Inner Flame
   549 | D        | Noticed a smoke demon
   552 | D        | Killed an orc sorcerer
   553 | D        | Reached skill level 19 in Stealth
   564 | D        | Reached XP level 10. HP: 42/56 MP: 1/18
   646 | D        | Bought a scroll of enchant weapon for 105 gold pieces
   646 | D        | Bought a scroll of magic mapping for 105 gold pieces
   649 | D        | Bought a scroll of enchant armour for 105 gold pieces
   649 | D        | Bought a scroll of enchant armour for 105 gold pieces
   733 | D        | Received a gift from Sif Muna
   734 | D        | Got Sif Muna's Dissertation on the Shivering Salvo {god
                  | gift}
   919 | D        | Noticed a cane toad
   919 | D        | Noticed a cane toad
   923 | D        | Reached skill level 20 in Stealth
   924 | D        | Killed a cane toad
   925 | D        | Reached skill level 1 in Fire Magic
   942 | D        | Killed a cane toad
   981 | D        | Received a gift from Sif Muna
   984 | D        | Got Sif Muna's Catalogue of the Ruinous Excursion {god
                  | gift}
  1065 | D        | Noticed an elephant
  1066 | D        | Noticed an elephant
  1066 | D        | Noticed a dire elephant
  1066 | D        | Noticed a dire elephant
  1066 | D        | Noticed Gastronok
  1068 | D        | Killed an elephant
  1068 | D        | Reached ****** piety under Sif Muna
  1069 | D        | Killed an elephant
  1070 | D        | Reached skill level 21 in Stealth
  1072 | D        | Killed a dire elephant
  1073 | D        | Reached XP level 11. HP: 63/63 MP: 21/24
  1074 | D        | Killed Gastronok
  1075 | D        | Reached skill level 10 in Fighting
  1075 | D        | Killed a dire elephant
  1075 | D        | Received a gift from Sif Muna
  1076 | D        | Reached skill level 22 in Stealth
  1086 | D        | Got Yttaezer's Essays on Reformed Charms {god gift}
  1101 | D        | Noticed an azure jelly
  1101 | D        | Noticed an azure jelly
  1101 | D        | Noticed an azure jelly
  1115 | D        | Noticed Rupert
  1119 | D        | Killed Rupert
  1120 | D        | Reached skill level 10 in Spellcasting
  1149 | D        | Noticed a death yak
  1150 | D        | Noticed a death yak
  1154 | D        | Learned a level 1 spell: Freeze
  1156 | D        | Noticed a death yak
  1161 | D        | Killed a death yak
  1162 | D        | Noticed a death yak
  1379 | D        | Received a gift from Sif Muna
  1381 | D        | Killed a death yak
  1381 | D        | Killed a death yak
  1381 | D        | Killed a death yak
  1382 | D        | Reached skill level 23 in Stealth
  1382 | D        | Reached skill level 5 in Evocations
  1402 | D        | Got Gell's Handbook of Transportation and the Mob {god
                  | gift}
  1456 | D        | Noticed an azure jelly
  1487 | D        | Received a gift from Sif Muna
  1500 | D        | Noticed a lindwurm
  1503 | D        | Killed a lindwurm
  1504 | D        | Reached skill level 10 in Hexes
  1504 | D        | Reached XP level 12. HP: 70/70 MP: 27/27
  1511 | D        | Noticed Urug
  1514 | D        | Killed Urug
  1514 | D        | Received a gift from Sif Muna
  1518 | D        | Got Rufaqa's Grimoire of Quantum Pyromania {god gift}
  1521 | D        | Noticed a six-headed hydra
  1521 | D        | Noticed a seven-headed hydra
  1530 | D        | Killed a six-headed hydra
  1531 | D        | Reached skill level 24 in Stealth
  1531 | D        | Killed a seven-headed hydra
  1538 | D        | Found a blossoming altar of Fedhas.
  1824 | D        | Noticed Harold
  1824 | D        | Noticed Joseph
  1828 | D        | Killed Harold
  1830 | D        | Killed Joseph
  1861 | D        | Noticed a yaktaur captain
  1861 | D        | Noticed a yaktaur captain
  1861 | D        | Noticed a yaktaur captain
  1944 | D        | Received a gift from Sif Muna
  1947 | D        | Got Sif Muna's Codex of the Cemetery {god gift}
  2105 | D        | Received a gift from Sif Muna
  2105 | D        | Received a gift from Sif Muna
  2105 | D        | Received a gift from Sif Muna
  2106 | D        | Reached skill level 25 in Stealth
  2106 | D        | Got Giarhea's Elucidation of Bolts and the Rocks {god gift}
  2106 | D        | Got Hotwyeh's Directory of Spores {god gift}
  2106 | D        | Got Sif Muna's Compilation of Toxicants and the Jinx {god
                  | gift}
  2180 | D        | Killed an azure jelly
  2182 | D        | Killed an azure jelly
  2183 | D        | Reached skill level 10 in Invocations
  2185 | D        | Killed an azure jelly
  2189 | D        | Killed an azure jelly
  2190 | D        | Reached skill level 26 in Stealth
  2494 | D        | Received a gift from Sif Muna
  2495 | D        | Got Sif Muna's Opusculum on Spellbinding Ashes {god gift}
  2499 | D        | Noticed an anaconda
  2499 | D        | Noticed an anaconda
  2502 | D        | Killed an anaconda
  2504 | D        | Killed an anaconda
  2505 | D        | Reached XP level 13. HP: 78/78 MP: 21/28
  2600 | D        | Received a gift from Sif Muna
  2605 | D        | Got Sif Muna's Book of Trauma and the Familiar {god gift}
  2611 | D        | Learned a level 4 spell: Cause Fear
  2616 | D        | Learned a level 4 spell: Anguish
  2623 | D        | Noticed a nagaraja
  2625 | D        | Found Kiumik's Jewellery Boutique.
  2625 | D        | Found Osiucidd's Magic Scroll Emporium.
  2627 | D        | Found Xozij's Antique Armour Shop.
  2642 | D        | Killed a nagaraja
  2668 | D        | Bought the amulet "Joorraog" {RegenMP rF+ rC+} for 612 gold
                  | pieces
  2675 | D        | Bought a wizard robe for 136 gold pieces
  2675 | D        | Identified the +2 robe of Qumus {Rampage rF+ rC+} (You
                  | bought it in a shop in the Dungeon)
  2686 | D        | Bought 2 scrolls of immolation for 88 gold pieces
  2686 | D        | Bought 3 scrolls of immolation for 132 gold pieces
  2687 | D        | Bought a +6 ring of dexterity for 432 gold pieces
  2707 | D        | Got a serpentine rune of Zot
  2957 | D        | Received a gift from Sif Muna
  2967 | D        | Got Aleap's Compendium of the Changed Scorpion {god gift}
  3177 | D        | Noticed Polyphemus
  3179 | D        | Noticed Ilsuiw
  3179 | D        | Killed Polyphemus
  3182 | D        | Reached skill level 27 in Stealth
  3182 | D        | Found Paujan's Book Emporium.
  3188 | D        | Found Elidung's Antique Armour Shop.
  3193 | D        | Noticed a merfolk javelineer
  3200 | D        | Killed a merfolk javelineer
  3241 | D        | Killed Ilsuiw
  3241 | D        | Received a gift from Sif Muna
  3242 | D        | Got Sif Muna's Compendium of the Cumulonimbus and Sculpting
                  | {god gift}
  3424 | D        | Found Fodaf's Magic Scroll Shoppe.
  3453 | D        | Bought a scroll of poison for 44 gold pieces
  3464 | D        | Got a barnacled rune of Zot
  3611 | D        | Reached skill level 10 in Evocations
  3627 | D        | Noticed Azrael
  3629 | D        | Killed Azrael
  3701 | D        | Acquired a +5 rapier of protection
  3702 | D        | Acquired the +0 buckler of Hide-and-Seek {Contam rC++
                  | rCorr}
  4163 | D        | Reached skill level 15 in Fighting
  4163 | D        | Lost mutation: You are partially covered in large bone
                  | plates. (SH +4) [potion of mutation]
  4163 | D        | Gained mutation: You are covered in fur. (AC +1) [potion of
                  | mutation]
  4163 | D        | Succumbed to poison (dark miasma)

Illustrated notes

Levels and vault maps discovered:
D:        dungeon_sprint_mu [sprint_mu_entry_cave, sprint_mu_temple_rooms,
          sprint_mu_d1_spiders, sprint_mu_d2_genie, sprint_mu_d3_branching,
          sprint_mu_orc_legion, sprint_mu_elf_gauntlet, sprint_mu_hive_nellie,
          sprint_mu_lair_fedhas, sprint_mu_vaults_butterflies,
          sprint_mu_slime_circle, sprint_mu_shoals_archi,
          sprint_mu_snake_twists, sprint_mu_blade_basic,
          sprint_mu_crypt_chambers, sprint_mu_tomb_spiral,
          sprint_mu_vestibule_basic, sprint_mu_gehenna_hellfire,
          sprint_mu_dis_giant, sprint_mu_tartarus_statrot,
          sprint_mu_cocytus_islands, sprint_mu_zot1]

Skill      XL: |  1  2  3  4  5  6  7  8  9 10 11 12 13 |
---------------+----------------------------------------+-----
Dodging        | 4 5 7 11 13 14 15 17 19 22 23 | 23.8
Spellcasting   | 4 5 8 10 | 10.0
Short Blades   | 2 3 4 5 9 10 | 10.0
Stealth        | 6 7 9 13 15 16 19 21 23 26 27 | 27.0
Hexes          | 4 5 6 7 8 10 | 10.0
Fighting       | 2 4 8 9 11 13 15 | 15.0
Conjurations   | 2 4 |  4.0
Invocations    | 3 5 7 10 12 | 12.6
Fire Magic     | 2 |  2.0
Evocations     | 5 10 | 10.0

Action                     |  1- 3 |  4- 6 |  7- 9 | 10-12 | 13-15 || total
---------------------------+-------+-------+-------+-------+-------++-------
  Melee: Dagger            |    13 |    11 |    81 |   246 |   103 ||   454
         Punch             |       |       |     3 |     6 |     1 ||    10
   Cast: Ensorcelled Hiber |     1 |       |    10 |     9 |    11 ||    31
         Confusing Touch   |       |       |     4 |    10 |     8 ||    22
         Ignition          |       |       |       |     2 |     2 ||     4
         Dazzling Flash    |       |       |       |       |     2 ||     2
         Cause Fear        |       |       |       |       |     1 ||     1
         Anguish           |       |       |       |       |     1 ||     1
 Invoke: Divine Exegesis   |       |       |       |     2 |     2 ||     4
  Evoke: Lightning rod     |       |       |     3 |    14 |     6 ||    23
         Wand              |       |       |       |     2 |     1 ||     3
    Use: Potion            |     1 |     4 |       |     6 |     3 ||    14
         Scroll            |       |     2 |     1 |     5 |     3 ||    11
   Stab: Sleeping          |     5 |     1 |    12 |    36 |    21 ||    75
         Confused          |       |       |     2 |     8 |     2 ||    12
         Invisible         |       |       |       |       |     5 ||     5
 Armour: Robe              |       |       |       |     7 |     3 ||    10
  Dodge: Dodged            |     5 |     6 |    35 |   105 |    91 ||   242
  Block: Other             |       |     1 |     5 |    18 |    13 ||    37

Table legend: (Time is in decaauts)
 A = Elapsed time spent in this place.
 B = Non-inter-level travel time spent in this place.
 C = Inter-level travel time spent in this place.
 D = Time resting spent in this place.
 E = Time spent auto-exploring this place.
 F = Levels seen in this place.
 G = Mean time per level.
                   A        B        C        D        E       F      G
               +--------+--------+--------+--------+--------+-----+--------+
         Total |   3400 |   3370 |     30 |   1919 |      0 |   1 | 3400.0 |
       Dungeon |   3400 |   3370 |     30 |   1919 |      0 |   1 | 3400.0 |
               +--------+--------+--------+--------+--------+-----+--------+

Top non-repeatable levels by time:
       D: 3400 daAuts
